 Dungeon Crawl Stone Soup version 0.26.1-11-gd32895ea62 (webtiles) character file.

Game seed: 5708356767388818636

138 Zeld the Slasher (level 5, -11/45 HPs)
             Began as a Draconian Monk on May 24, 2021.
             Blown up by Ijyb (27 damage)
             ... with a disintegration bolt
             ... on level 3 of the Dungeon.
             The game lasted 00:02:15 (2418 turns).

Zeld the Slasher (Draconian Monk)                   Turns: 2418, Time: 00:02:15

Health: -11/45     AC:  6    Str: 14    XL:     5   Next: 1%
Magic:  5/5        EV: 13    Int: 10    God:
Gold:   56         SH:  5    Dex: 14    Spells: 4/4 levels left

rFire    . . .     SeeInvis .   a - +0 falchion
rCold    . . .     Faith    .   (no shield)
rNeg     . . .     Spirit   .   (armour unavailable)
rPois    .         Reflect  +   (helmet restricted)
rElec    .         Harm     .   j - +0 cloak
rCorr    .         Rampage  .   (no gloves)
Will     .....                  (no boots)
Stlth    ++........             g - amulet of reflection
HPRegen  0.15/turn              (no ring)
MPRegen  0.09/turn              (no ring)

@: no status effects
A: unfitting armour, cold-blooded, AC +5
a: no special abilities


You were on level 3 of the Dungeon.
You visited 1 branch of the dungeon, and saw 3 of its levels.

You collected 56 gold pieces.

Inventory:

Hand Weapons
 a - a +0 falchion (weapon)
Armour
 j - a +0 cloak (worn)
Jewellery
 f - an uncursed ring of flight
 g - an amulet of reflection (around neck)
Scrolls
 b - 5 scrolls of remove curse {unknown}
 c - 2 scrolls of fog {unknown}
 h - 2 scrolls of teleportation {unknown}
 i - 2 scrolls of identify {unknown}
 k - a scroll of blinking {unknown}
 m - a scroll of enchant weapon {unknown}
 n - a scroll of amnesia {unknown}
 p - a scroll of fear {unknown}
Potions
 d - 2 potions of curing
 e - 2 potions of lignification {unknown}
 l - a potion of resistance {unknown}
 o - 2 potions of flight {unknown}


   Skills:
 - Level 3.2 Fighting
 * Level 5.7 Long Blades
 - Level 2.6 Dodging
 - Level 1.7 Stealth


You had 4 spell levels left.
You didn't know any spells.
Your spell library was empty.

Dungeon Overview and Level Annotations

Branches:
Dungeon (3/15)

Altars:
Vehumet

Annotations:
D:3 Ijyb


Innate Abilities, Weirdness & Mutations

Your plain brown scales are hard. (AC +5)
You cannot fit into any form of body armour.
You are cold-blooded and may be slowed by cold attacks.


Message History

Ijyb shouts!
You hit Ijyb.
Ijyb is lightly wounded.
Ijyb zaps a wand.
You are blasted!
Ouch! That really hurt!
You are too injured to fight recklessly!
You are too injured to fight recklessly!
You are too injured to fight recklessly!
Unknown command.
You closely miss Ijyb.
Your tail-slap misses Ijyb.
Ijyb is lightly wounded.
Ijyb barely misses you.
You miss Ijyb.
Your tail-slap misses Ijyb.
Ijyb is lightly wounded.
You block Ijyb's attack.
You slash Ijyb!
Ijyb is heavily wounded.
Ijyb zaps a wand.
You are blasted!
Ouch! That really hurt!
You die...

#..#.)....#.###....
#.)#......'.#.'....
#..#......###.#....
#.......).....#####
##.#....†..........
#.##.....#########
#.##.....+
#.##.....#
#@##.....#
#g##.....#
#.####+### #.# #.#
#.# #.# #.#


You could see Ijyb.

Vanquished Creatures
  A scorpion (D:2)
  3 adders
  An ooze (D:2)
  2 dart slugs
  2 leopard geckos (D:3)
  An orc (D:3)
  5 giant cockroaches
  6 goblins
  10 hobgoblins
  7 jackals
  2 kobolds (D:3)
  A ball python (D:3)
  4 bats
  2 frilled lizards
  4 rats
51 creatures vanquished.

Notes
Turn   | Place    | Note
-------+----------+-------------------------------------------
     0 | D:1      | Zeld the Draconian Monk began the quest for the Orb.
     0 | D:1      | Reached XP level 1. HP: 19/19 MP: 1/1
   197 | D:1      | Reached XP level 2. HP: 21/26 MP: 2/2
   592 | D:2      | Reached skill level 4 in Long Blades
   826 | D:2      | Noticed a scorpion
   842 | D:2      | Killed a scorpion
   843 | D:2      | Reached skill level 5 in Long Blades
   843 | D:2      | Reached XP level 3. HP: 17/31 MP: 3/3
   843 | D:2      | Reached XP level 4. HP: 21/38 MP: 4/4
  1379 | D:2      | Found a radiant altar of Vehumet.
  2374 | D:3      | Reached XP level 5. HP: 44/45 MP: 5/5
  2411 | D:3      | Noticed Ijyb
  2418 | D:3      | Blown up by Ijyb

Illustrated notes

Levels and vault maps discovered:
D:1:      dpeg_arrival_water_temple_mockup, layout_basic
D:2:      layout_loops_ring, fiery_altar_vehumet
D:3:      layout_basic, hangedman_decor_clover_reticule, uniq_ijyb

Skill      XL: |  1  2 |
---------------+-------+-----
Long Blades    | 5 |  5.7
Fighting       | |  3.2
Dodging        | |  2.6
Stealth        | |  1.7

Action                   |  1- 3 |  4- 6 || total
-------------------------+-------+-------++-------
Melee: Falchion          |    56 |    98 ||   154
       Tailslap          |     6 |    15 ||    21
  Use: Potion            |     1 |       ||     1
 Stab: Sleeping          |       |     6 ||     6
Armor: Skin              |    21 |    27 ||    48
Dodge: Dodged            |    50 |    59 ||   109
Block: Other             |       |     1 ||     1
       Rpst.: Falchion   |    14 |    21 ||    35
